 Dungeon Crawl Stone Soup version 0.31.0-32-g396128a36d (webtiles) character file.

Game seed: 18337138196359275581

23298 spaghetti the Artisan of Death (level 13, -7/90 HPs)
             Began as a Tengu Summoner on Mar 10, 2024.
             Was a Priest of Kikubaaqudgha.
             Mangled by a skyshark (8 damage)
             ... on level 3 of the Lair of Beasts.
             The game lasted 00:29:07 (16942 turns).

spaghetti the Artisan of Death (Tengu Summoner)    Turns: 16942, Time: 00:29:07

Health: -7/90      AC:  5    Str: 10    XL:     13   Next: 5%
Magic:  7/21       EV: 20    Int: 28    God:    Kikubaaqudgha [***...]
Gold:   799        SH:  0    Dex: 14    Spells: 7/22 levels left

rFire   + . .        q - +6 morningstar (freeze)
rCold   . . .        (no shield)
rNeg    . . .        m - +2 leather armour {rPois}
rPois   +            (helmet restricted)
rElec   .            (no cloak)
rCorr   .            (no gloves)
SInv    .            (boots unavailable)
Will    .....        z - amulet of magic regeneration
Stlth   ++++         e - ring of protection from fire
HPRegen 0.35/turn    o - +6 ring of intelligence
MPRegen 0.57/turn

%: acrobat
@: death channelling, flying, inugami summoned
A: beak, talons 3, evasive flight, acrobatic, clever 1, robust 1, inability to
drink after injury 1
a: Renounce Religion, Unearth Wretches


You were on level 3 of the Lair of Beasts.
You worshipped Kikubaaqudgha.
Kikubaaqudgha was most pleased with you.
You visited 3 branches of the dungeon, and saw 13 of its levels.
You also visited: Sewer.

You collected 799 gold pieces.

Inventory:

Hand Weapons
 c - a +2 heavy dagger
 n - a +0 morningstar
 q - a +6 morningstar of freezing (weapon)
Armour
 a - a +1 robe
 m - a +2 leather armour of poison resistance (worn)
 x - +0 steam dragon scales
 B - a +0 cloak
Jewellery
 e - a ring of protection from fire (left hand)
 o - a +6 ring of intelligence (right hand)
 z - an amulet of magic regeneration (around neck)
 F - an amulet of reflection
Wands
 d - a wand of flame (9)
 v - a wand of mindburst (7)
 w - a wand of polymorph (4)
 D - a wand of charming (3)
 K - a wand of iceblast (8)
Scrolls
 f - 3 scrolls of enchant armour
 h - 4 scrolls of fog
 s - 2 scrolls of fear
 t - 3 scrolls of teleportation
 u - 2 scrolls of torment
 y - a scroll of amnesia
 C - 2 scrolls of revelation
 G - 3 scrolls of vulnerability {unknown}
 H - a scroll of silence {unknown}
 I - a scroll of identify
Potions
 b - 2 potions of magic
 g - 4 potions of cancellation
 i - 2 potions of curing
 j - 4 potions of mutation
 k - 2 potions of ambrosia
 l - a potion of might
 p - 2 potions of lignification
 r - a potion of invisibility
 A - a potion of attraction
 E - a potion of haste {unknown}


   Skills:
 - Level 10.0 Fighting
 - Level 10.0 Dodging
 - Level 10.0 Stealth
 - Level 5.0 Spellcasting
 - Level 11.0 Summonings
 + Level 11.1 Necromancy
 - Level 5.0 Fire Magic


You had 7 spell levels left.
You knew the following spells:

 Your Spells              Type           Power      Damage    Failure   Level
a - Death Channel         Necr           31%        N/A       14%         6
b - Call Imp              Summ           100%       N/A       1%          2
c - Call Canine Familiar  Summ           62%        N/A       1%          3
d - Summon Blazeheart Go  Fire/Summ      51%        N/A       3%          4

Your spell library contained the following spells:

 Spells                   Type           Power      Damage    Failure   Level
 Kiss of Death            Conj/Necr      100%       2d13      1%          1
 Summon Small Mammal      Summ           100%       N/A       1%          1
 Sublimation of Blood     Necr           62%        N/A       1%          2
 Fugue of the Fallen      Necr           62%        N/A       1%          3
 Animate Dead             Necr           62%        N/A       1%          4
 Martyr's Knell           Necr/Summ      62%        N/A       1%          4
 Cigotuvi's Dreadful Rot  Necr/Alch/Air  54%        N/A       3%          2
 Magic Dart               Conj           28%        1d4       9%          1
 Volatile Blastmotes      Fire/Tloc      42%        2d13      10%         3
 Anguish                  Hex/Necr       19%        N/A       10%         4
 Summon Lightning Spire   Summ/Air       37%        N/A       10%         4
 Blink                    Tloc           14%        N/A       14%         2
 Ensorcelled Hibernation  Hex/Ice        14%        N/A       14%         2
 Dazzling Flash           Conj/Hex       14%        N/A       26%         3
 Sigil of Binding         Hex            7%         N/A       26%         3
 Tukima's Dance           Hex            7%         N/A       26%         3
 Borgnjor's Vile Clutch   Necr/Erth      19%        N/A       26%         5
 Dimensional Bullseye     Hex/Tloc       3%         N/A       65%         4
 Iskenderun's Mystic Bla  Conj/Tloc      7%         2d4       65%         4
 Starburst                Conj/Fire      10%        6d5       99%         6
 Maxwell's Capacitive Co  Air            3%         ∞         100%        8


Dungeon Overview and Level Annotations

Branches:
Dungeon (9/15)             Temple (1/1) D:7            Lair (3/5) D:9
 Shoals (0/4) Lair:2       Spider (0/4) Lair:3        Sewer (visited)
    Orc: D:9-12

Altars:
Ashenzari
Cheibriados
Dithmenos
Elyvilon
Fedhas
Gozag
Hepliaklqana
Kikubaaqudgha
Makhleb
Nemelex Xobeh
Okawaru
Qazlal
Ru
Sif Muna
Trog
Uskayaw
Vehumet
Wu Jian
Xom
Yredelemnul
Zin
The Shining One

Shops:
D:1 [   D:7 :

Annotations:
D:5 3 runed translucent doors, spaghetti's ghost, novice OnIE


Innate Abilities, Weirdness & Mutations

You have a beak for a mouth.
You have claws for feet.
Your magical flight helps you evade attacks. (EV +4)
You can magically evade attacks while moving or waiting.
Your mind is acute. (Int +4, Str/Dex -1)
You are robust. (+10% HP)
You occasionally lose the ability to drink potions when taking damage.


Message History

As you read the scroll of blinking, it crumbles to dust.
The skyshark is caught in a web!
Your blazeheart core explodes!
The fiery explosion engulfs the skyshark!!
The fiery explosion engulfs your cerulean imp!!
You kill your cerulean imp!
Your cerulean imp disappears in a puff of smoke!
The skyshark struggles to get unstuck from the web.
Your inugami hits the skyshark.
Casting: Death Channel (dangerous; 14% risk of failure)
Confirm with . or Enter, or press ? or * to list all spells.
A tiny devil pulls itself out of the air.
The skyshark struggles to get unstuck from the web. x2
Your inugami hits the skyshark.
The skyshark struggles to get unstuck from the web. x2
Your cerulean imp hits the skyshark but does no damage.
Your inugami hits the skyshark.
The skyshark struggles to get unstuck from the web.
The skyshark pulls away from the web.
The skyshark closely misses your cerulean imp. x2
The skyshark tail-slaps your cerulean imp.
Your cerulean imp hits the skyshark but does no damage.
Your inugami hits the skyshark.
Casting: Call Imp (safe; 1% risk of failure)
Confirm with . or Enter, or press ? or * to list all spells.
A fiery spirit appears, bound in slag iron.
The skyshark barely misses your cerulean imp.
The skyshark tail-slaps your cerulean imp!
Your cerulean imp dies!
Your cerulean imp disappears in a puff of smoke!
Your inugami hits the skyshark.
Aiming: Mindburst
Press: ? - help, Shift-Dir - straight line, f - skyshark
Aim: a skyshark (almost dead, berserk, not watching you, ally target, chance to affect: 47%)
The skyshark resists with some effort.
The skyshark evades a web.
The skyshark bites you!!
* * * LOW HITPOINT WARNING * * *
The skyshark tail-slaps you!
You die...
Kikubaaqudgha rasps: "You have failed me!
Welcome... death!"

.. ###..## ##.. .# #...#.# #.P
#.# ###..## #.# . . #..## #.P ##
##.# #.. # ##.# ###.> ###..##
#..## #9###°#### #.... #@F^.^.#.#
##.... #§h#^...#####..#..
#####^#### ^##...#.
.##^)##.#..###...# #...##>#..#.
#..## ##^^#......^## #.##.
######## #.^#.#^^^.#[^###.##.
####.#..#.####....#..##.^.#......
##....^...........##..........##.


You could see a skyshark (berserk, ally target), a friendly blazeheart golem
(summoned) and a friendly inugami (summoned).

Vanquished Creatures
  A two-headed ogre (D:7)
  2 cyclopes
  2 elephants (Lair:3)
  A black mamba (Lair:3)
  6 cane toads
  8 komodo dragons
  A tarantella (Lair:3)
  3 blink frogs (Lair:3)
  Eustachio (D:5)
  23 yaks
  2 steam dragons (D:9)
  4 water moccasins
  An orc warrior (D:8)
  2 ice beasts
  A crocodile (Sewer)
  9 wolves (Lair:1)
  A phantom (D:4)
  A kobold brigand (Sewer)
  A nameless horror (Lair:3)
  6 bullfrogs
  5 scorpions
  A wight (D:7)
  5 killer bees
  A howler monkey (D:6)
  An electric eel (Lair:1)
  2 bombardier beetles
  A gnoll bouda (D:6)
  An orc priest (D:5)
  4 hounds
  Ijyb (D:2)
  7 hell rats
  An iguana (D:5)
  8 orc wizards
  A gnoll (D:5)
  3 adders
  A shadow imp (D:6)
  3 white imps
  2 ufetubi (D:6)
  4 ribbon worms
  22 orcs
  10 endoplasms
  4 giant cockroaches
  2 goblins
  4 hobgoblins
  2 quokkas
  2 ball pythons
  2 bats
  3 frilled lizards
  8 kobolds
  4 rats
  A spectral goblin (D:2)
192 creatures vanquished.

Vanquished Creatures (collateral kills)
  A hydra (Lair:2)
  2 elephants (Lair:3)
  2 black mambas
  A merfolk siren (Lair:2)
  A cane toad (Lair:1)
  A rime drake (Lair:2)
  A komodo dragon (D:9)
  A tarantella (Lair:3)
  A hornet (Lair:2)
  Sigmund (D:3)
  A wyvern (Lair:3)
  14 yaks
  Grum (D:8)
  A basilisk (D:9)
  4 water moccasins
  A black bear (D:4)
  An ice beast (D:6)
  A sky beast (D:7)
  An orc warrior (D:9)
  5 wolves
  An ogre (D:6)
  4 centaurs
  A phantom (D:5)
  4 bullfrogs
  2 scorpions
  7 wights
  5 killer bees
  An electric eel (Lair:1)
  A howler monkey (D:8)
  A bombardier beetle (D:4)
  3 hounds
  5 orc priests
  An orc wizard (D:9)
  7 hell rats
  A sleepcap (D:2)
  7 gnolls
  3 adders
  3 ufetubi
  18 orcs
  4 endoplasms
  4 giant cockroaches
  2 goblins
  3 hobgoblins (D:4)
  2 jackals (D:1)
  5 quokkas
  4 ball pythons
  A bat (D:1)
  8 kobolds
  4 rats
154 creatures vanquished.

Vanquished Creatures (others)
  56 blazeheart cores
56 creatures vanquished.

Grand Total: 402 creatures vanquished

Notes
Turn   | Place    | Note
-------+----------+-------------------------------------------
     0 | D:1      | spaghetti the Tengu Summoner began the quest for the Orb.
     0 | D:1      | Reached XP level 1. HP: 10/10 MP: 4/4
   231 | D:1      | Reached XP level 2. HP: 14/15 MP: 2/6
   234 | D:1      | Learned a level 2 spell: Call Imp
   528 | D:1      | Found Bekan's Antique Armour Boutique.
  1090 | D:2      | Reached XP level 3. HP: 19/19 MP: 1/9
  1094 | D:2      | Learned a level 3 spell: Call Canine Familiar
  1231 | D:2      | Reached XP level 4. HP: 21/24 MP: 4/10
  1334 | D:2      | Found an ornate altar of the Wu Jian Council.
  1409 | D:2      | Gained mutation: You are partially covered in iridescent
                  | scales. (AC +2) [potion of mutation]
  1409 | D:2      | Gained mutation: Your spells are a little easier to cast,
                  | but a little less powerful. [potion of mutation]
  1410 | D:2      | Lost mutation: You are partially covered in iridescent
                  | scales. (AC +2) [potion of mutation]
  1410 | D:2      | Lost mutation: Your spells are a little easier to cast, but
                  | a little less powerful. [potion of mutation]
  1410 | D:2      | Gained mutation: You are robust. (+10% HP) [potion of
                  | mutation]
  1410 | D:2      | Gained mutation: Your mind is acute. (Int +4, Str/Dex -1)
                  | [potion of mutation]
  1410 | D:2      | Gained mutation: You occasionally lose the ability to drink
                  | potions when taking damage. [potion of mutation]
  1818 | D:2      | Found a faded altar of an unknown god.
  2406 | D:3      | Noticed Ijyb
  2420 | D:2      | Killed Ijyb
  2421 | D:2      | Reached XP level 5. HP: 14/30 MP: 4/13
  2607 | D:3      | Reached skill level 5 in Summonings
  2716 | D:3      | Reached skill level 5 in Spellcasting
  2801 | D:3      | Found a shimmering blue altar of Sif Muna.
  2807 | D:3      | Learned a level 4 spell: Summon Blazeheart Golem
  3086 | D:3      | Noticed Sigmund
  3101 | D:3      | Killed Sigmund
  3102 | D:3      | Reached XP level 6. HP: 25/35 MP: 5/14
  3512 | D:4      | Gained mutation: Your magical flight helps you evade
                  | attacks. (EV +4) [Tengu growth]
  3512 | D:4      | Reached XP level 7. HP: 36/39 MP: 11/15
  3760 | D:4      | Found a white marble altar of Elyvilon.
  4732 | D:5      | Entered Level 5 of the Dungeon
  4795 | D:5      | Reached skill level 5 in Fire Magic
  4795 | D:5      | Reached XP level 8. HP: 36/45 MP: 12/16
  4986 | D:5      | Found a runed translucent gate.
  4986 | D:5      | Found a runed translucent gate.
  4986 | D:5      | Found a runed translucent gate.
  4987 | D:5      | Noticed spaghetti's ghost (novice OnIE)
  5044 | D:5      | Noticed Eustachio
  5057 | D:5      | Reached skill level 1 in Fighting
  5072 | D:5      | Killed Eustachio
  5294 | D:5      | Reached skill level 10 in Summonings
  5415 | D:5      | Found a glowing drain.
  5431 | Sewer    | Entered a sewer
  5714 | Sewer    | Reached XP level 9. HP: 49/57 MP: 17/17
  6203 | D:5      | Found a burning altar of Makhleb.
  6580 | D:6      | Reached skill level 5 in Fighting
  8031 | D:7      | Found Satephobb's Vocational Training.
  8565 | D:7      | Noticed a two-headed ogre
  8573 | D:7      | Killed a two-headed ogre
  8574 | D:7      | Reached XP level 10. HP: 72/72 MP: 9/18
  8722 | D:7      | Found a staircase to the Ecumenical Temple.
  8735 | D:7      | Found a broken altar of Ashenzari.
  9251 | D:7      | Found a snail-covered altar of Cheibriados.
  9287 | Temple   | Entered the Ecumenical Temple
  9302 | Temple   | Became a worshipper of Kikubaaqudgha
  9328 | D:8      | Noticed Grum
  9366 | D:8      | Killed Grum
  9664 | D:8      | Noticed a cyclops
  9673 | D:8      | Killed a cyclops
  9674 | D:8      | Reached skill level 10 in Fighting
  9674 | D:8      | Reached skill level 1 in Necromancy
 10407 | D:8      | Found a hazy altar of Hepliaklqana.
 10407 | D:8      | Found a hide-covered altar of Uskayaw.
 10533 | D:9      | Noticed a cyclops
 10539 | D:9      | Killed a cyclops
 10747 | D:9      | Reached * piety under Kikubaaqudgha
 10747 | D:9      | Received a gift from Kikubaaqudgha
 11206 | D:9      | Reached skill level 5 in Dodging
 11206 | D:9      | Reached XP level 11. HP: 57/79 MP: 19/19
 11215 | D:9      | Reached skill level 5 in Stealth
 11328 | D:9      | Reached skill level 5 in Necromancy
 11468 | D:9      | Found a staircase to the Lair.
 11814 | Lair:1   | Entered Level 1 of the Lair of Beasts
 13251 | Lair:2   | Reached ** piety under Kikubaaqudgha
 13270 | Lair:2   | HP: 3/79 [yak (14)]
 13855 | Lair:2   | Found a staircase to the Shoals.
 14163 | Lair:2   | Reached XP level 12. HP: 84/84 MP: 16/20
 14344 | Lair:2   | Noticed a five-headed hydra
 14356 | Lair:2   | Killed a five-headed hydra
 15915 | Lair:3   | Reached *** piety under Kikubaaqudgha
 15915 | Lair:3   | Received a gift from Kikubaaqudgha
 15923 | Lair:3   | Learned a level 6 spell: Death Channel
 16280 | Lair:3   | Reached skill level 10 in Dodging
 16357 | Lair:3   | Reached skill level 10 in Stealth
 16371 | Lair:3   | Reached skill level 10 in Necromancy
 16664 | Lair:3   | Noticed a skyshark
 16698 | Lair:3   | Found a hole to the Spider Nest.
 16711 | Lair:3   | Reached XP level 13. HP: 90/90 MP: 12/21
 16942 | Lair:3   | HP: 1/90 [skyshark (18)]
 16942 | Lair:3   | Mangled by a skyshark

Illustrated notes

Levels and vault maps discovered:
D:1:      dpeg_arrival_circle_labyrinth_a, layout_loops_ring, serial_shops,
          nicolae_shop_window_shopping
D:2:      layout_basic, dreamdust_ecumenical_altar_drowned_temple, basic_altar,
          serial_bayou_crossing
D:3:      layout_loops_cross, nicolae_sif_muna_little_library, uniq_ijyb,
          uniq_sigmund
D:4:      minmay_octagon_keep, layout_basic, nicolae_overflow_crystal_walls
D:5:      layout_loops_ring, makhleb_heckhound_becter,
          ebering_ghost_rock_garden, portal_sewer_entry_f,
          kennysheep_small_square, uniq_eustachio
D:6:      layout_loops_ring, grunt_decor_cap
D:7:      layout_basic, lemuel_coloured_pillars_altar,
          nicolae_ashenzari_skybound, minmay_temple_entry_glassed_door,
          st_stairs_12, chequers_serial_rivers_micro_e, nicolae_shop_vocational
D:8:      layout_loops_cross, gammafunk_temple_overflow_statue, uniq_grum
D:9:      layout_basic, erik_lair_dragon, lightli_minifort
Temple:   nicolae_temple_superstar
Lair:1:   layout_layer_cave, serial_bayou_pond_e, st_stairs_4,
          beast_lair_carwin_11, serial_bayou_shore_a
Lair:2:   layout_chaotic_city, minmay_shoals_entry_lonely_mermaid
Lair:3:   layout_loops_ring, spider_nest_entry_rubble

Skill      XL: |  1  2  3  4  5  6  7  8  9 10 11 12 13 |
---------------+----------------------------------------+-----
Spellcasting   | 3 4 5 |  5.0
Summonings     | 6 8 10 11 | 11.0
Fire Magic     | 2 3 5 |  5.0
Fighting       | 4 9 10 | 10.0
Necromancy     | 4 7 10 11 | 11.1
Dodging        | 5 8 10 | 10.0
Stealth        | 4 7 10 | 10.0

Action                     |  1- 3 |  4- 6 |  7- 9 | 10-12 | 13-15 || total
---------------------------+-------+-------+-------+-------+-------++-------
  Melee: Unarmed           |    29 |       |       |       |       ||    29
         Peck              |    11 |    10 |    43 |    34 |     1 ||    99
         Kick              |     6 |    15 |    83 |    55 |       ||   159
         Punch             |     1 |     1 |     2 |     3 |       ||     7
         Whip              |    15 |    19 |       |       |       ||    34
         Dagger            |       |    54 |   225 |    22 |       ||   301
         Morningstar       |       |       |       |   140 |     2 ||   142
   Cast: Summon Small Mamm |    16 |     2 |     4 |       |       ||    22
         Call Imp          |     9 |    17 |    34 |    45 |     3 ||   108
         Call Canine Famil |     2 |    15 |    32 |    40 |     2 ||    91
         Summon Blazeheart |       |     3 |    36 |    86 |     4 ||   129
         Death Channel     |       |       |       |     5 |     2 ||     7
  Evoke: Wand              |       |       |       |       |     1 ||     1
    Use: Scroll            |     1 |     3 |    10 |     8 |     1 ||    23
         Potion            |       |     6 |     3 |     1 |       ||    10
   Stab: Sleeping          |     1 |     1 |       |     2 |       ||     4
         Distracted        |       |     1 |       |       |       ||     1
 Armour: Robe              |    20 |    43 |    33 |       |       ||    96
         Leather armour    |       |       |    95 |   183 |    10 ||   288
  Dodge: Dodged            |    50 |    53 |   254 |   302 |     7 ||   666
